TOP OF THE 1ST |
Ft. Polk South Thunder Hawks batting - Pitching for San Bernardino Grasshoppers : RHP Behar Jusufi
|
Pitching: RHP Behar Jusufi
|
|
Batting: SHB Dong-joo Yu
|
0-0: Ball 1-0: Ground out U3 (Groundball, 3L)
|
Batting: LHB Shohei Otani
|
0-0: Ball 1-0: Called Strike 1-1: Foul Ball, location: 2F 1-2: Fly out, F9 (Flyball, 9LM)
|
Batting: RHB Alejandro Santiago
|
0-0: Called Strike 0-1: Ball 1-1: Foul Ball, location: 2F 1-2: Ball 2-2: Foul Ball, location: 2F 2-2: Foul Ball, location: 2F 2-2: Foul Ball, location: 2F 2-2: Ground out 6-3 (Groundball, 6)
|
Top of the 1st over - 0 runs, 0 hits, 0 errors, 0 left on base; Ft. Polk South 0 - San Bernardino 0 |
BOTTOM OF THE 1ST |
San Bernardino Grasshoppers batting - Pitching for Ft. Polk South Thunder Hawks : RHP Kyle Overhill
|
Pitching: RHP Kyle Overhill
|
|
Batting: LHB Jesús Hernández
|
0-0: Called Strike 0-1: Ball 1-1: Ground out 3-1 (Groundball, 34)
|
Batting: RHB Reinaart Manshert
|
0-0: Foul Ball, location: 2F 0-1: Swinging Strike 0-2: Ball 1-2: Ground out 6-3 (Groundball, 6)
|
Batting: LHB Weston Doyle
|
0-0: Called Strike 0-1: Ground out 1-3 (Groundball, 13S)
|
Bottom of the 1st over - 0 runs, 0 hits, 0 errors, 0 left on base; Ft. Polk South 0 - San Bernardino 0 |
TOP OF THE 2ND |
Ft. Polk South Thunder Hawks batting - Pitching for San Bernardino Grasshoppers : RHP Behar Jusufi
|
Batting: LHB Felipe Soto
|
0-0: Called Strike 0-1: Ball 1-1: Fly out, F5 (Popup, 25F)
|
Batting: RHB Jon Moon
|
0-0: Foul Ball, location: 2F 0-1: Ground out 1-3 (Groundball, 15S)
|
Batting: RHB Chris Walters
|
0-0: Called Strike 0-1: Called Strike 0-2: Hit by Pitch
|
Batting: RHB Aaron Dixon
|
0-0: Ball 1-0: Swinging Strike 1-1: Ball 2-1: Ball 3-1: Called Strike 3-2: Ground out 3-1 (Groundball, 34)
|
Top of the 2nd over - 0 runs, 0 hits, 0 errors, 1 left on base; Ft. Polk South 0 - San Bernardino 0 |
BOTTOM OF THE 2ND |
San Bernardino Grasshoppers batting - Pitching for Ft. Polk South Thunder Hawks : RHP Kyle Overhill
|
Batting: RHB Jouo Hirschovits
|
0-0: Foul Ball, location: 2F 0-1: Ball 1-1: Foul Ball, location: 2F 1-2: Ball 2-2: Ground out 5-3 (Groundball, 56S)
|
Batting: LHB Víctor Fortis
|
0-0: Ball 1-0: Foul Ball, location: 2F 1-1: Ball 2-1: Ground out 3-1 (Groundball, 34S)
|
Batting: RHB Edgardo Bello
|
0-0: Swinging Strike 0-1: Foul Ball, location: 2F 0-2: Foul Ball, location: 2F 0-2: Strikes out swinging
|
Bottom of the 2nd over - 0 runs, 0 hits, 0 errors, 0 left on base; Ft. Polk South 0 - San Bernardino 0 |
TOP OF THE 3RD |
Ft. Polk South Thunder Hawks batting - Pitching for San Bernardino Grasshoppers : RHP Behar Jusufi
|
Batting: RHB Thomas Feliciano
|
0-0: Called Strike 0-1: Ball 1-1: Called Strike 1-2: Foul Ball, location: 2F 1-2: Foul Ball, location: 2F 1-2: Foul Ball, location: 2F 1-2: Ground out 5-3 (Groundball, 56)
|
Batting: RHB Qu-bing Thien
|
0-0: Ball 1-0: Ground out 4-3 (Groundball, 4)
|
Batting: SHB Dong-joo Yu
|
0-0: Ball 1-0: TRIPLE (Line Drive, 9D)
|
Batting: LHB Shohei Otani
|
0-0: Ball 1-0: Ball 2-0: Foul Ball, location: 2F 2-1: Swinging Strike 2-2: Ground out 2-3 (Groundball, 2L)
|
Top of the 3rd over - 0 runs, 1 hit, 0 errors, 1 left on base; Ft. Polk South 0 - San Bernardino 0 |
BOTTOM OF THE 3RD |
San Bernardino Grasshoppers batting - Pitching for Ft. Polk South Thunder Hawks : RHP Kyle Overhill
|
Batting: LHB Luis García
|
0-0: Foul Ball, location: 2F 0-1: Ball 1-1: SINGLE (Line Drive, 56D)
|
Batting: RHB Tony Ayala
|
0-0: Ball 1-0: Ball 2-0: Called Strike 2-1: Swinging Strike 2-2: Ball 3-2: Grounds into double play, 6-4-3 (Groundball, 6)
|
Batting: RHB Michael Carter
|
0-0: Ball 1-0: DOUBLE (Line Drive, 9LS)
|
Batting: LHB Jesús Hernández
|
0-0: Foul Ball, location: 2F 0-1: Ball 1-1: Ball 2-1: Ball Wild Pitch! Michael Carter to third 3-1: Swinging Strike 3-2: SINGLE (Groundball, 23) (infield hit) Michael Carter scores
|
Batting: RHB Reinaart Manshert
|
0-0: Ball Jesús Hernández is caught stealing 2nd base
|
Bottom of the 3rd over - 1 run, 3 hits, 0 errors, 0 left on base; Ft. Polk South 0 - San Bernardino 1 |
TOP OF THE 4TH |
Ft. Polk South Thunder Hawks batting - Pitching for San Bernardino Grasshoppers : RHP Behar Jusufi
|
Batting: RHB Alejandro Santiago
|
0-0: Foul Ball, location: 2F 0-1: Foul Ball, location: 2F 0-2: Foul Ball, location: 2F 0-2: Foul Ball, location: 2F 0-2: Ball 1-2: Ball 2-2: Ball 3-2: Base on Balls
|
Batting: LHB Felipe Soto
|
0-0: Foul Ball, location: 2F 0-1: SINGLE (Flyball, 78S) Alejandro Santiago to second
|
Batting: RHB Jon Moon
|
0-0: Called Strike 0-1: Called Strike 0-2: Ball 1-2: Fielders Choice at 2nd, 6-4 (Groundball, 6) Alejandro Santiago to third
|
Batting: RHB Chris Walters
|
0-0: Ball 1-0: Swinging Strike 1-1: Foul Ball, location: 2F 1-2: Strikes out looking
|
Batting: RHB Aaron Dixon
|
0-0: Ball 1-0: Ball 2-0: Swinging Strike 2-1: Fielders Choice at 2nd, 6-4 (Groundball, 6)
|
Top of the 4th over - 0 runs, 1 hit, 0 errors, 2 left on base; Ft. Polk South 0 - San Bernardino 1 |
BOTTOM OF THE 4TH |
San Bernardino Grasshoppers batting - Pitching for Ft. Polk South Thunder Hawks : RHP Kyle Overhill
|
Batting: RHB Reinaart Manshert
|
0-0: Foul Ball, location: 2F 0-1: Swinging Strike 0-2: Ball 1-2: TRIPLE (Flyball, 9D)
|
Batting: LHB Weston Doyle
|
0-0: DOUBLE (Flyball, 8RXD) Reinaart Manshert scores
|
Batting: RHB Jouo Hirschovits
|
0-0: Ball 1-0: Swinging Strike 1-1: Swinging Strike 1-2: Ball 2-2: Ground out 6-3 (Groundball, 56)
|
Batting: LHB Víctor Fortis
|
0-0: Ball 1-0: Ball 2-0: Ball 3-0: Called Strike 3-1: Base on Balls
|
Batting: RHB Edgardo Bello
|
0-0: Swinging Strike 0-1: Ball 1-1: Called Strike 1-2: Ball 2-2: Foul Ball, location: 2F 2-2: Ball 3-2: Base on Balls Weston Doyle to third Víctor Fortis to second
|
Batting: LHB Luis García
|
0-0: Swinging Strike 0-1: Foul Ball, location: 2F 0-2: Foul Ball, location: 2F 0-2: Ball 1-2: Ball 2-2: Foul Ball, location: 2F 2-2: Strikes out swinging
|
Batting: RHB Tony Ayala
|
0-0: Called Strike 0-1: Foul Ball, location: 2F 0-2: Ball 1-2: Ball 2-2: Strikes out swinging
|
Bottom of the 4th over - 1 run, 2 hits, 0 errors, 3 left on base; Ft. Polk South 0 - San Bernardino 2 |
TOP OF THE 5TH |
Ft. Polk South Thunder Hawks batting - Pitching for San Bernardino Grasshoppers : RHP Behar Jusufi
|
Batting: RHB Thomas Feliciano
|
0-0: Ball 1-0: Ball 2-0: Ball 3-0: Base on Balls
|
Batting: RHB Qu-bing Thien
|
0-0: Ball 1-0: Sac Bunt - play at first, batter OUT! 3-4 Thomas Feliciano to second
|
Batting: SHB Dong-joo Yu
|
0-0: Called Strike 0-1: Ball 1-1: Swinging Strike 1-2: Strikes out looking
|
Batting: LHB Shohei Otani
|
0-0: SINGLE (Line Drive, 8RS) Thomas Feliciano to third Runner from 3rd tries for Home, SAFE, no throw
|
Batting: RHB Alejandro Santiago
|
0-0: Ball 1-0: Called Strike 1-1: Ball 2-1: Ball 3-1: Called Strike 3-2: Fly out, F9 (Flyball, 9S)
|
Top of the 5th over - 1 run, 1 hit, 0 errors, 1 left on base; Ft. Polk South 1 - San Bernardino 2 |
BOTTOM OF THE 5TH |
San Bernardino Grasshoppers batting - Pitching for Ft. Polk South Thunder Hawks : RHP Kyle Overhill
|
Batting: RHB Michael Carter
|
0-0: Swinging Strike 0-1: Ball 1-1: Ball 2-1: Foul Ball, location: 2F 2-2: SINGLE (Groundball, 34D)
|
Batting: LHB Jesús Hernández
|
0-0: Sac Bunt - play at first, batter OUT! 5-3 Michael Carter to second
|
Batting: RHB Reinaart Manshert
|
0-0: Called Strike 0-1: Ball 1-1: Ground out 5-3 (Groundball, 5S) Michael Carter to third
|
Batting: LHB Weston Doyle
|
0-0: Ball 1-0: Foul Ball, location: 2F 1-1: Ground out 6-3 (Groundball, 6M)
|
Bottom of the 5th over - 0 runs, 1 hit, 0 errors, 1 left on base; Ft. Polk South 1 - San Bernardino 2 |
TOP OF THE 6TH |
Ft. Polk South Thunder Hawks batting - Pitching for San Bernardino Grasshoppers : RHP Behar Jusufi
|
Batting: LHB Felipe Soto
|
0-0: Called Strike 0-1: Ball 1-1: TRIPLE (Flyball, 78XD)
|
Batting: RHB Jon Moon
|
0-0: Ball 1-0: Called Strike 1-1: Called Strike 1-2: Ball 2-2: Ball 3-2: Strikes out looking
|
Batting: RHB Chris Walters
|
0-0: Ball 1-0: Ball 2-0: Called Strike 2-1: Swinging Strike 2-2: Fly out, F9 (Line Drive, 9) Runner from 3rd tags up, SCORES, throw made
|
Batting: RHB Aaron Dixon
|
0-0: Ball 1-0: Called Strike 1-1: Ball 2-1: Fly out, F7 (Flyball, 78D)
|
Top of the 6th over - 1 run, 1 hit, 0 errors, 0 left on base; Ft. Polk South 2 - San Bernardino 2 |
BOTTOM OF THE 6TH |
San Bernardino Grasshoppers batting - Pitching for Ft. Polk South Thunder Hawks : RHP Kyle Overhill
|
Pitching: LHP Tzu-hsia Ong
|
|
Batting: RHB Jouo Hirschovits
|
0-0: Fly out, F7 (Flyball, 7D)
|
Batting: LHB Víctor Fortis
|
0-0: Ball 1-0: Called Strike 1-1: Fly out, F5 (Popup, 56S)
|
Batting: RHB Edgardo Bello
|
0-0: Ball 1-0: Ball 2-0: Ball 3-0: Base on Balls
|
Batting: LHB Luis García
|
0-0: Ball 1-0: Foul Ball, location: 2F 1-1: Ball 2-1: Ball 3-1: Called Strike 3-2: Ground out 5-3 (Groundball, 56S)
|
Bottom of the 6th over - 0 runs, 0 hits, 0 errors, 1 left on base; Ft. Polk South 2 - San Bernardino 2 |
TOP OF THE 7TH |
Ft. Polk South Thunder Hawks batting - Pitching for San Bernardino Grasshoppers : RHP Behar Jusufi
|
Pitching: RHP Dane Bramble
|
|
Batting: RHB Thomas Feliciano
|
0-0: Ball 1-0: Foul Ball, location: 2F 1-1: Ball 2-1: Ground out 6-3 (Groundball, 6M)
|
Batting: RHB Qu-bing Thien
|
0-0: Ball 1-0: Swinging Strike 1-1: Called Strike 1-2: Ball 2-2: Strikes out swinging
|
Batting: SHB Dong-joo Yu
|
0-0: Swinging Strike 0-1: Ball 1-1: Ball 2-1: Swinging Strike 2-2: Strikes out swinging
|
Top of the 7th over - 0 runs, 0 hits, 0 errors, 0 left on base; Ft. Polk South 2 - San Bernardino 2 |
BOTTOM OF THE 7TH |
San Bernardino Grasshoppers batting - Pitching for Ft. Polk South Thunder Hawks : LHP Tzu-hsia Ong
|
Batting: RHB Tony Ayala
|
0-0: Ball 1-0: Foul Ball, location: 2F 1-1: Ball 2-1: Foul Ball, location: 2F 2-2: Strikes out swinging
|
Batting: RHB Michael Carter
|
0-0: Fly out, F8 (Flyball, 8LXD)
|
Batting: LHB Jesús Hernández
|
0-0: Swinging Strike 0-1: Ball 1-1: Ball 2-1: Fly out, F6 (Popup, 6MS)
|
Bottom of the 7th over - 0 runs, 0 hits, 0 errors, 0 left on base; Ft. Polk South 2 - San Bernardino 2 |
TOP OF THE 8TH |
Ft. Polk South Thunder Hawks batting - Pitching for San Bernardino Grasshoppers : RHP Dane Bramble
|
Batting: LHB Shohei Otani
|
0-0: Foul Ball, location: 2F 0-1: Ball 1-1: Ball 2-1: Ball 3-1: DOUBLE (Line Drive, 9D)
|
Batting: RHB Alejandro Santiago
|
0-0: Ball 1-0: Ball 2-0: Ball 3-0: Called Strike 3-1: Called Strike 3-2: Foul Ball, location: 2F 3-2: Base on Balls
|
Batting: LHB Felipe Soto
|
0-0: Ball 1-0: Ball 2-0: Called Strike 2-1: Ball 3-1: Base on Balls Shohei Otani to third Alejandro Santiago to second
|
Batting: RHB Jon Moon
|
0-0: Ball 1-0: Called Strike 1-1: Called Strike 1-2: Strikes out swinging
|
Batting: RHB Chris Walters
|
0-0: Called Strike 0-1: Ball 1-1: Swinging Strike 1-2: Ball 2-2: Foul Ball, location: 2F 2-2: Ball 3-2: Foul Ball, location: 2F 3-2: Foul Ball, location: 2F 3-2: GRAND SLAM HOME RUN (Flyball, 78XD), Distance : 409 ft
|
Pitching: RHP Michael Broderson
|
|
Batting: RHB Aaron Dixon
|
0-0: Called Strike 0-1: Fly out, F8 (Flyball, 8LM)
|
Batting: RHB Thomas Feliciano
|
0-0: Fly out, F7 (Flyball, 78D)
|
Top of the 8th over - 4 runs, 2 hits, 0 errors, 0 left on base; Ft. Polk South 6 - San Bernardino 2 |
BOTTOM OF THE 8TH |
San Bernardino Grasshoppers batting - Pitching for Ft. Polk South Thunder Hawks : LHP Tzu-hsia Ong
|
Batting: RHB Reinaart Manshert
|
0-0: TRIPLE (Line Drive, 9D)
|
Batting: LHB Weston Doyle
|
0-0: Ball 1-0: Ball 2-0: Called Strike 2-1: Ball 3-1: Ground out 4-3 (Groundball, 4) Reinaart Manshert scores
|
Batting: RHB Jouo Hirschovits
|
0-0: Called Strike 0-1: Ball 1-1: Ball 2-1: Foul Ball, location: 2F 2-2: Ball 3-2: Fly out, F9 (Flyball, 89S)
|
Batting: LHB Víctor Fortis
|
0-0: Ball 1-0: Called Strike 1-1: Called Strike 1-2: Fly out, F8 (Flyball, 8LD)
|
Bottom of the 8th over - 1 run, 1 hit, 0 errors, 0 left on base; Ft. Polk South 6 - San Bernardino 3 |
TOP OF THE 9TH |
Ft. Polk South Thunder Hawks batting - Pitching for San Bernardino Grasshoppers : RHP Michael Broderson
|
Pitching: RHP Pedro Huerta
|
|
Batting: RHB Qu-bing Thien
|
0-0: Called Strike 0-1: Foul Ball, location: 2F 0-2: Strikes out swinging
|
Batting: SHB Dong-joo Yu
|
0-0: Called Strike 0-1: Ball 1-1: Foul Ball, location: 2F 1-2: Ball 2-2: Strikes out swinging
|
Batting: LHB Shohei Otani
|
0-0: Called Strike 0-1: Ball 1-1: Ball 2-1: Ball 3-1: Foul Ball, location: 2F 3-2: Strikes out swinging
|
Top of the 9th over - 0 runs, 0 hits, 0 errors, 0 left on base; Ft. Polk South 6 - San Bernardino 3 |
BOTTOM OF THE 9TH |
San Bernardino Grasshoppers batting - Pitching for Ft. Polk South Thunder Hawks : LHP Tzu-hsia Ong
|
Batting: RHB Edgardo Bello
|
0-0: Ball 1-0: Ball 2-0: Foul Ball, location: 2F 2-1: Ball 3-1: Foul Ball, location: 2F 3-2: Fly out, F8 (Flyball, 8RXD)
|
Batting: LHB Luis García
|
0-0: Called Strike 0-1: Ball 1-1: Foul Ball, location: 2F 1-2: Foul Ball, location: 2F 1-2: Strikes out swinging
|
Batting: RHB Tony Ayala
|
0-0: Foul Ball, location: 2F 0-1: Ball 1-1: Ball 2-1: Ground out 4-3 (Groundball, 4)
|
Bottom of the 9th over - 0 runs, 0 hits, 0 errors, 0 left on base; Ft. Polk South 6 - San Bernardino 3 |
|